 Dungeon Crawl Stone Soup version 0.21.1-1-g345015fe64 (webtiles) character file.

2968 Kohma the Covert (level 9, 0/39 HPs)
             Began as a Spriggan Venom Mage on June 21, 2018.
             Was an Initiate of Sif Muna.
             Slain by a two-headed ogre
             ... wielding a +0 giant spiked club
              (39 damage)
             ... on level 8 of the Dungeon.
             The game lasted 00:38:55 (10913 turns).

Kohma the Covert (Spriggan Venom Mage)             Turns: 10913, Time: 00:38:56

Health: 0/39       AC:  2    Str:  7    XL:     9   Next: 52%
Magic:  9/19       EV: 21    Int: 16    God:    Sif Muna [......]
Gold:   412        SH:  0    Dex: 17    Spells: 7/20 levels left

rFire    . . .     SeeInvis +   b - +3 mace (holy)
rCold    . . .     Gourm    .   (shield restricted)
rNeg     . . .     Faith    .   h - +0 robe
rPois    .         Spirit   .   (helmet restricted)
rElec    .         Reflect  .   (no cloak)
rCorr    .         Harm     .   (gloves unavailable)
MR       +....                  (boots unavailable)
Stlth    +++++.....             (no amulet)
HPRegen  0.13/turn              o - ring of stealth
MPRegen  0.16/turn              (no ring)

@: radiating poison, very quick
A: very small, unfitting armour, see invisible, herbivore, speed 3, slow
metabolism 2
a: Renounce Religion


You were on level 8 of the Dungeon.
You worshipped Sif Muna.
Sif Muna was noncommittal.
You were not hungry.

You visited 2 branches of the dungeon, and saw 9 of its levels.

You collected 412 gold pieces.

Inventory:

Hand Weapons
 a - a +0 dagger of electrocution
 b - a +3 mace of holy wrath (weapon)
 s - a cursed -1 mace
 x - a +0 hunting sling
 C - a +0 dagger
 D - a +1 dagger of protection
Missiles
 e - 337 stones (quivered)
 m - 85 sling bullets
 u - 17 poisoned needles
 z - a throwing net
Armour
 d - +1 fire dragon scales
 h - a +0 robe (worn)
Jewellery
 o - a ring of stealth (left hand)
 E - a cursed amulet of magic regeneration {unknown}
Wands
 y - a wand of random effects (28)
Scrolls
 g - 2 scrolls of enchant weapon
 j - a scroll of identify
 l - 2 scrolls of remove curse
 n - 2 scrolls of teleportation
 q - a scroll of fog
 t - a scroll of summoning
 v - a scroll of enchant armour
 A - a scroll of fear {unknown}
Potions
 f - a potion of ambrosia {unknown}
 i - 3 potions of berserk rage
 k - 2 potions of mutation
 p - 2 potions of agility
 r - a potion of heal wounds {unknown}
 B - a potion of curing {unknown}
 F - 2 potions of cancellation {unknown}
Books
 w - a Young Poisoner's Handbook

   Spells                             Type                      Level
   a - Sting                          Conjuration/Poison           1
   b - Poisonous Vapours              Poison/Air                   2
   c - Mephitic Cloud                 Conjuration/Poison/Air       3
   d - Olgreb's Toxic Radiance        Poison                       4
   e - Venom Bolt                     Conjuration/Poison           5
 G - a book of Conjurations

   Spells                             Type                      Level
   a - Magic Dart                     Conjuration                  1
   b - Searing Ray                    Conjuration                  2
   c - Dazzling Spray                 Conjuration/Hexes            3
   d - Fulminant Prism                Conjuration/Hexes            4
   e - Force Lance                    Conjuration/Translocation    4
   f - Iskenderun's Mystic Blast      Conjuration                  4
Comestibles
 c - 4 rations


   Skills:
 + Level 0.6 Short Blades
 + Level 0.4 Armour
 - Level 6.0 Dodging
 + Level 8.0 Stealth
 + Level 6.2 Spellcasting
 + Level 3.8 Conjurations
 * Level 5.8 Air Magic
 * Level 7.4 Poison Magic


You had 7 spell levels left.
You knew the following spells:

 Your Spells              Type           Power        Failure   Level  Hunger
a - Sting                 Conj/Pois      ###.         1%          1    None
b - Poisonous Vapours     Pois/Air       ####..       1%          2    None
c - Mephitic Cloud        Conj/Pois/Air  ###.....     3%          3    ##.....
d - Olgreb's Toxic Radia  Pois           ####....     6%          4    ####...
e - Searing Ray           Conj           ###...       4%          2    None
f - Magic Dart            Conj           ###.         2%          1    None


Dungeon Overview and Level Annotations

Branches:
Dungeon (8/15)             Temple (1/1) D:6
   Lair: D:8-11

Altars:
Ashenzari
Cheibriados
Dithmenos
Elyvilon
Fedhas
Gozag
Hepliaklqana
Kikubaaqudgha
Makhleb
Nemelex Xobeh
Okawaru
Qazlal
Ru
Sif Muna
Trog
Uskayaw
Wu Jian
Xom
Yredelemnul
The Shining One

Shops:
D:5 (   D:6 [

Annotations:
D:6 exclusion: downstairs
D:7 Artool's ghost, novice DsGl


Innate Abilities, Weirdness & Mutations

You are very small and have problems with some larger weapons.
You are too small for most types of armour.
You have supernaturally acute eyesight. (SInv)
You are a herbivore.
You cover ground extremely quickly.
You need consume almost no food.


Message History

The two-headed ogre is engulfed in poison gas.
The two-headed ogre is poisoned.
The bullfrog is engulfed in noxious fumes.
The bullfrog appears confused.
The two-headed ogre is engulfed in noxious fumes.
Casting: Poisonous Vapours
Confirm with . or Enter, or press ? or * to list all spells.
You begin to radiate toxic energy.
The hound looks even sicker.
The bullfrog is poisoned.
The hound is engulfed in noxious fumes.
The two-headed ogre is engulfed in noxious fumes.
The two-headed ogre misses you.
The two-headed ogre completely misses you.
The hound looks even sicker.
The bullfrog looks even sicker.
The two-headed ogre looks even sicker.
The hound misses you.
You kill the hound!
Sif Muna accepts your kill.
Your Stealth skill increases to level 8!
The two-headed ogre hits you with a giant spiked club!!!
Ouch! That really hurt!
You die...

### . #<# #.##
###.#+###
.....#.......#
#..#.#.......#
..F..........#
..#.†O......#
#...@.....#
.....).......#
.####........#
#........#
#......(...
#..########
... #.##


You could see a two-headed ogre and a bullfrog (confused).

Vanquished Creatures
  A two-headed ogre (D:6)
  Menkaure (D:6)
  2 sky beasts
  2 orc warriors
  A black bear (D:6)
  2 ogres
  A big kobold (D:7)
  4 bullfrogs
  A gnoll sergeant (D:7)
  A howler monkey (D:7)
  3 crimson imps
  3 bullfrog skeletons
  4 hounds
  3 orc priests
  A gnoll shaman (D:6)
  2 iguanas
  9 orc wizards
  4 worker ants
  14 gnolls
  7 adders
  An ooze (D:7)
  A worm (D:4)
  2 dart slugs
  5 leopard geckos
  30 orcs
  4 bats
  2 giant cockroaches
  12 goblins
  10 hobgoblins
  5 quokkas
  A ball python (D:4)
  A ball python skeleton (D:4)
  5 frilled lizards
  13 kobolds
  A leopard gecko skeleton (D:4)
  3 rats (D:1)
162 creatures vanquished.

Vanquished Creatures (collateral kills)
  A bullfrog (D:6)
  An orc (D:6)
2 creatures vanquished.

Grand Total: 164 creatures vanquished

Notes
Turn   | Place    | Note
-------+----------+-------------------------------------------
     0 | D:1      | Kohma the Spriggan Venom Mage began the quest for the Orb.
     0 | D:1      | Reached XP level 1. HP: 9/9 MP: 5/5
   226 | D:1      | Reached XP level 2. HP: 13/13 MP: 2/6
   269 | D:1      | Learned a level 2 spell: Poisonous Vapours
   277 | D:1      | Reached skill level 1 in Conjurations
   979 | D:2      | Reached XP level 3. HP: 16/16 MP: 4/8
  1261 | D:2      | Found a shattered altar of Ashenzari.
  1518 | D:2      | Learned a level 3 spell: Mephitic Cloud
  1913 | D:2      | Reached XP level 4. HP: 21/21 MP: 5/9
  2225 | D:2      | Found a bloodstained altar of Trog.
  2237 | D:2      | Reached skill level 1 in Air Magic
  2640 | D:3      | Found a glowing golden altar of the Shining One.
  2674 | D:3      | Reached skill level 4 in Stealth
  2674 | D:3      | Reached XP level 5. HP: 11/24 MP: 0/11
  3134 | D:3      | HP: 1/24 [orc wizard/dagger (7)]
  4067 | D:3      | Reached XP level 6. HP: 17/28 MP: 7/12
  4350 | D:4      | Learned a level 4 spell: Olgreb's Toxic Radiance
  4839 | D:4      | Noticed an orc warrior
  4859 | D:4      | Killed an orc warrior
  4859 | D:4      | Reached skill level 5 in Stealth
  4859 | D:4      | Reached XP level 7. HP: 32/32 MP: 6/14
  5667 | D:5      | Entered Level 5 of the Dungeon
  5708 | D:5      | Reached skill level 5 in Poison Magic
  5776 | D:5      | Reached skill level 5 in Dodging
  5916 | D:5      | Found Olai's Weapon Emporium.
  7111 | D:6      | Reached XP level 8. HP: 18/36 MP: 4/15
  7272 | D:6      | Reached skill level 6 in Stealth
  7629 | D:6      | Found an opulent altar of Gozag.
  7638 | D:6      | Noticed Menkaure
  7667 | D:6      | Killed Menkaure
  7667 | D:6      | Reached skill level 5 in Spellcasting
  8100 | D:6      | Found Entikot's Antique Armour Shop.
  8198 | D:6      | Noticed a two-headed ogre
  8242 | D:6      | Killed a two-headed ogre
  8242 | D:6      | Reached skill level 7 in Stealth
  8242 | D:6      | Reached skill level 5 in Air Magic
  8242 | D:6      | Reached XP level 9. HP: 39/39 MP: 6/18
  8602 | D:6      | Found a staircase to the Ecumenical Temple.
  8609 | Temple   | Entered the Ecumenical Temple
  8694 | Temple   | Became a worshipper of Sif Muna the Loreminder
  8871 | D:7      | Noticed Artool's ghost (novice DsGl)
 10041 | D:7      | Learned a level 2 spell: Searing Ray
 10292 | D:7      | Learned a level 1 spell: Magic Dart
 10907 | D:8      | Noticed a two-headed ogre
 10913 | D:8      | Reached skill level 8 in Stealth
 10913 | D:8      | Slain by a two-headed ogre

Skill      XL: |  1  2  3  4  5  6  7  8  9 |
---------------+----------------------------+-----
Conjurations   | 1 2 3 |  3.8
Spellcasting   | 3 4 5 6 |  6.2
Air Magic      | 1 2 3 5 |  5.8
Dodging        | 4 5 6 |  6.0
Stealth        | 4 5 7 8 |  8.0
Poison Magic   | 4 5 6 7 |  7.4
Short Blades   | |  0.6
Armour         | |  0.4

Action                   |  1- 3 |  4- 6 |  7- 9 || total
-------------------------+-------+-------+-------++-------
Melee: Dagger            |       |    12 |    12 ||    24
       Mace              |       |       |    51 ||    51
 Cast: Sting             |    17 |    27 |    38 ||    82
       Poisonous Vapours |    29 |    66 |   122 ||   217
       Mephitic Cloud    |       |     2 |    13 ||    15
       Magic Dart        |       |       |     8 ||     8
       Searing Ray       |       |       |     3 ||     3
       Olgreb's Toxic Ra |       |       |     1 ||     1
Evoke: Wand              |       |       |     1 ||     1
  Use: Scroll            |       |       |    11 ||    11
 Stab: Sleeping          |       |     1 |     1 ||     2
       Distracted        |       |       |     1 ||     1
  Eat: Ration            |       |     3 |     4 ||     7
Armor: Robe              |     1 |       |     7 ||     8
Dodge: Dodged            |    11 |    20 |   103 ||   134
